 Dungeon Crawl Stone Soup version 0.25-a0-558-g78a2afb0af (webtiles) character file.

Game seed: 2238074336930372523, levelgen mode: deterministic

56 vurker the Gusty (level 3, 15/15 HPs)
             Began as a Felid Air Elementalist on Feb 24, 2020.
             Quit the game on level 3 of the Dungeon.
             The game lasted 00:03:55 (3528 turns).

vurker the Gusty (Felid Air Elementalist)           Turns: 3528, Time: 00:03:55

Health: 15/15      AC:  1    Str:  4    XL:     3   Next: 69%
Magic:  8/8        EV: 18    Int: 17    God:
Gold:   97         SH:  0    Dex: 16    Spells: 7/8 levels left
                                        Lives:  0   Deaths: 1

rFire    . . .     SeeInvis +   (weapon unavailable)
rCold    . . .     Gourm    .   (shield unavailable)
rNeg     . . .     Faith    .   (armour unavailable)
rPois    .         Spirit   .   (helmet unavailable)
rElec    .         Reflect  .   (cloak unavailable)
rCorr    .         Harm     .   (gloves unavailable)
MR       .....                  (boots unavailable)
Stlth    +++.......             (no amulet)
HPRegen  0.05/turn              (no ring)
MPRegen  0.11/turn              (no ring)

@: quick
A: very small, no armour, no weapons or thrown items, stealth, claws 1, fangs 3,
see invisible, carnivore, speed 1, shaggy fur 1, slow metabolism 1, sharp paws
a: no special abilities


You were on level 3 of the Dungeon.
You were not hungry.

You visited 1 branch of the dungeon, and saw 3 of its levels.

You collected 97 gold pieces.

Inventory:

Scrolls
 a - 4 scrolls of identify {unknown}
 h - 3 scrolls of remove curse {unknown}
 i - a scroll of teleportation {unknown}
 j - 2 scrolls of noise {unknown}
 k - 2 scrolls of enchant armour {unknown}
Potions
 b - a potion of curing
 c - 2 potions of lignification {unknown}
 d - a potion of haste {unknown}
 f - a potion of ambrosia {unknown}
 g - a potion of brilliance {unknown}
 l - a potion of magic {unknown}
Comestibles
 e - 5 rations
 m - 5 chunks of flesh


   Skills:
 + Level 1.4 Fighting
 - Level 2.6 Dodging
 - Level 2.6 Stealth
 * Level 3.1 Spellcasting
 + Level 1.7 Conjurations
 * Level 3.6 Air Magic


You had 7 spell levels left.
You knew the following spells:

 Your Spells              Type           Power        Failure   Level  Hunger
a - Shock                 Conj/Air       ##..         6%          1    None

Your spell library contained the following spells:

 Spells                   Type           Power        Failure   Level  Hunger
 Swiftness                Chrm/Air       #.......     12%         2    ##.....
 Static Discharge         Conj/Air       ##......     17%         3    ###....
 Airstrike                Air            ###.......   36%         4    ####...
 Lightning Bolt           Conj/Air       ##........   85%         5    ######.


Dungeon Overview and Level Annotations

Branches:
Dungeon (3/15)

Altars:
Kikubaaqudgha

Annotations:
D:3 Ijyb, Natasha


Innate Abilities, Weirdness & Mutations

You cannot wear armour.
You are incapable of wielding weapons or throwing items.
Your paws allow you to move quietly. (Stealth)
You have sharp claws.
You have razor-sharp teeth.
You have supernaturally acute eyesight. (SInv)
You are carnivorous and can eat meat at any time.
You cover ground quickly.
You are covered in fur. (AC +1)
You have a slow metabolism.
Your sharp claws are effective at attacking unaware monsters.


Message History

The zap hits the orc.
Aim: an orc, wielding a +0 trident and wearing a +0 leather armour (severely wounded)
The zap hits the orc.
You kill the orc!
Your magical contamination has completely faded away.
Found 24 gold pieces.
Found an ancient bone altar of Kikubaaqudgha.
You can't see any susceptible monsters within range! (Use Z to cast anyway.)
You can't see any susceptible monsters within range! (Use Z to cast anyway.)
Found a stone staircase leading up.
Things that are here:
a +0 trident; a +0 leather armour; an orc corpse You butcher the orc corpse.
m - 5 chunks of flesh (gained 4)
Things that are here:
a +0 trident; a +0 leather armour; an orc skeleton
Things that are here:
a +0 trident; a +0 leather armour; an orc skeleton A kobold comes into view.
It is wielding a +0 short sword.
A kobold is nearby!
Aim: a kobold, wielding a +0 short sword and quivering 3 stones (resting)
The zap hits the kobold.
You kill the kobold!
Ijyb the Twisted Goblin comes into view.
She is wielding a +0 dagger and carrying a wand of iceblast (10).
Found a leather armour.
A goblin comes into view. It is wielding a -3 war axe.
The zap hits Ijyb.
Ijyb shouts!
The zap hits Ijyb.
The goblin shouts!
You hear a shout!
You hear an angry hiss.
The zap misses Ijyb.
Ijyb zaps a wand.
The mass of ice explodes!
The iceblast engulfs you!
Ouch! That really hurt!
* * * LOW HITPOINT WARNING * * *
A goblin comes into view.
Natasha, Servant of Life and Death comes into view.
You hear a shout!
You hear an angry hiss.
You hear a shout!
The zap hits Ijyb but does no damage.
Natasha mumbles some strange words.
Okay, then.
Ijyb hits you but does no damage.
Aim: Ijyb, wielding a +0 dagger, wearing a +0 leather armour and carrying a wand of iceblast (9) (lightly wounded)
Okay, then.
Ijyb zaps a wand.
The mass of ice explodes!
The iceblast engulfs you!
You die...
You hear an angry hiss.
You are now level 3!
You rejoin the land of the living...

###.#...#..##.#
#....)##..#.#####
###...##....)...#
#.....##....†<..#
....#...##........#
#####...##........#
#...##........#
#...##........#
#.<@##.....÷..#
######........#
#........#
#........#
##########


There were no monsters in sight!

Vanquished Creatures
  Jessica (D:2)
  3 adders (D:2)
  2 worms (D:2)
  2 dart slugs (D:1)
  A leopard gecko (D:1)
  2 orcs (D:3)
  6 bats
  2 goblins
  7 hobgoblins
  6 jackals
  A quokka (D:3)
  4 frilled lizards
  8 kobolds
  6 rats
51 creatures vanquished.

Notes
Turn   | Place    | Note
-------+----------+-------------------------------------------
     0 | D:1      | vurker the Felid Air Elementalist began the quest for the
                  | Orb.
     0 | D:1      | Reached XP level 1. HP: 7/7 MP: 4/4
    68 | D:1      | Reached skill level 1 in Conjurations
   405 | D:1      | Reached XP level 2. HP: 11/12 MP: 1/6
  1205 | D:2      | Reached XP level 3. HP: 15/15 MP: 5/7
  1327 | D:2      | Reached skill level 1 in Fighting
  1963 | D:2      | Noticed Jessica
  2004 | D:2      | Killed Jessica
  2004 | D:2      | Reached XP level 4. HP: 2/19 MP: 2/9
  3496 | D:3      | Found an ancient bone altar of Kikubaaqudgha.
  3500 | D:3      | Noticed Ijyb
  3517 | D:3      | Noticed Natasha
  3527 | D:3      | Killed from afar by Ijyb
  3528 | D:3      | Reached XP level 3. HP: 0/15 MP: 7/8
  3528 | D:3      | Quit the game

Levels and vault maps discovered:
D:1:      minmay_arrival_diagonal_passages, layout_basic
D:2:      layout_basic, serial_forest, infiniplex_forest_lined_3,
          infiniplex_forest_clump_medium, infiniplex_forest_straight_5,
          infiniplex_forest_clump_small, infiniplex_forest_straight_2,
          infiniplex_forest_end_3, infiniplex_forest_zigzag_1, first_ration,
          uniq_jessica
D:3:      layout_rooms, old_standard_altar, minmay_divided_ellipse,
          uniq_natasha, uniq_ijyb, uniq_sigmund

Skill      XL: |  1  2  3  4 |
---------------+-------------+-----
Conjurations   | 1 |  1.7
Air Magic      | 3 |  3.6
Fighting       | 1 |  1.4
Spellcasting   | 3 |  3.1
Dodging        | |  2.6
Stealth        | |  2.6

Action                   |  1- 3 |  4- 6 || total
-------------------------+-------+-------++-------
Melee: Unarmed           |    21 |       ||    21
       Bite              |     1 |       ||     1
 Cast: Shock             |    83 |    47 ||   130
  Eat: Chunk             |    10 |     3 ||    13
Armor: Skin              |       |     1 ||     1
Dodge: Dodged            |    33 |    17 ||    50

Table legend:
 A = Non-vault XP
 B = Vault XP
 C = Vault XP percentage of total XP
 D = Non-vault monster count
 E = Vault monster count
 F = Vault count percentage of total count
                 A         B        C        D         E       F
            +---------+---------+-------+---------+---------+-------
      Total |     130 |      37 |  22.2 |      50 |       1 |   2.0
            +---------+---------+-------+---------+---------+-------
        D:1 |      40 |       0 |   0.0 |      21 |       0 |   0.0
        D:2 |      75 |      37 |  33.0 |      22 |       1 |   4.3
        D:3 |      15 |       0 |   0.0 |       7 |       0 |   0.0
            +---------+---------+-------+---------+---------+-------
